Nordiques vs Flames
(R2)
Created - 8 février 2015 at 21:49
Goals
|
Nordiques |
0 |
0 |
1 |
1 |
Flames |
2 |
1 |
2 |
5 |
|
Shots
|
Nordiques |
5 |
7 |
20 |
32 |
Flames |
11 |
11 |
11 |
33 |
|
1st period
1. Flames , Alexander Semin 35 (David Backes, Eric Staal) at 9:43 (PP)
2. Flames , Alexander Semin 36 (David Backes, Eric Staal) at 13:07 (PP)
Penalties :
Peter Prucha (Que) for Hooking (Minor) at 5:23, Bryan McCabe (Que) for Interference (Minor) at 9:28, Tyler Arnason (Que) for Tripping (Minor) at 13:01
2nd period
3. Flames , Steve Regier 12 (David Backes, Eric Staal) at 12:01
Penalties :
Chris Pronger (Que) for Hooking (Minor) at 0:36, Peter Prucha (Que) for Interference (Minor) at 9:55, Kurtis Foster (Que) for Elbowing (Minor) at 14:02, Alexander Semin (Cal) for Hooking (Minor) at 14:52, Ed Jovanovski (Que) for Roughing (Minor) at 19:00
3rd period
4. Nordiques , Peter Prucha 24 (Andrei Kostitsyn, Pierre-Marc Bouchard) at 6:05 (PP)
5. Flames , Ron Hainsey 1 (Filip Kuba, Alexander Semin) at 12:55 (PP)
6. Flames , Milan Hejduk 14 (Mark Bell, Patrik Berglund) at 18:08 (PP)
Penalties :
David Backes (Cal) for Holding (Minor) at 0:09, Filip Kuba (Cal) for Boarding (Minor) at 5:56, Mark Bell (Cal) for Hooking (Minor) at 8:34, Nick Schultz (Que) for Interference (Minor) at 11:13, Patrik Elias (Que) for High sticking (Minor) at 16:43, Steve Eminger (Cal) for Fighting (Major) at 18:25, Kurtis Foster (Que) for Fighting (Major) at 18:25, Chris Pronger (Que) for Goalie Interference (Minor) at 18:40
Goalie Stats
Jean-Sébastien Giguère (Que), 28 saves from 33 shots - (0,848), L, 15-18-3, 60:00 minutes
Pekka Rinne (Cal), 31 saves from 32 shots - (0,969), W, 25-13-5, 60:00 minutes
Players Stats for Nordiques
Player Name G A P +/- PIM S H SB GA TA FO MP PP MP PK MP
------------------------------------------------------------------------------------
Andrei Kostitsyn 0 1 1 -1 0 5 0 1 0 1 0/1 20:02 1:57 2:45
Antti Miettinen 0 0 0 0 0 0 0 0 0 1 0/1 13:30 2:02 0:00
Bryan McCabe 0 0 0 0 2 0 1 0 0 1 0/0 20:27 2:11 5:00
Chris Pronger 0 0 0 -1 4 2 1 1 0 1 0/0 28:06 1:51 5:33
Ed Jovanovski 0 0 0 0 2 0 0 1 0 0 0/0 12:27 0:24 1:28
Jeff Halpern 0 0 0 0 0 0 0 0 0 0 1/3 7:01 0:00 0:48
Jordan Leopold 0 0 0 0 0 1 0 1 1 1 0/0 19:43 1:58 4:41
Kurtis Foster 0 0 0 -1 7 6 1 0 0 1 0/0 27:35 2:04 6:36
Matt Ellison 0 0 0 0 0 1 0 0 0 0 0/0 6:13 0:00 0:00
Mattias Weinhandl 0 0 0 0 0 1 0 0 0 0 0/0 9:13 0:00 0:00
Mike York 0 0 0 0 0 1 0 0 0 1 0/0 9:57 0:08 0:28
Nick Schultz 0 0 0 0 2 0 1 0 0 0 0/0 12:12 0:00 2:08
Patrik Elias 0 0 0 0 2 2 3 0 0 1 2/3 21:08 1:54 7:14
Peter Prucha 1 0 1 -1 4 4 2 0 0 0 0/1 18:38 2:07 2:16
Pierre-Marc Bouchard 0 1 1 0 0 5 4 2 0 1 26/49 25:36 1:57 8:20
Rickard Wallin 0 0 0 0 0 0 1 0 0 0 4/4 9:13 0:00 0:00
Ryan Bayda 0 0 0 0 0 2 0 0 0 0 0/0 6:13 0:00 0:00
Tyler Arnason 0 0 0 -1 2 2 0 0 0 0 7/12 17:53 2:02 3:35
Players Stats for Flames
Player Name G A P +/- PIM S H SB GA TA FO MP PP MP PK MP
------------------------------------------------------------------------------------
Alexander Semin 2 1 3 0 2 4 2 2 0 0 0/2 23:31 7:45 0:42
Craig Adams 0 0 0 0 0 1 0 0 0 0 0/0 5:58 0:00 0:00
David Backes 0 3 3 0 2 3 3 1 1 0 1/4 22:28 7:45 0:47
Derek Meech 0 0 0 0 0 1 1 0 0 0 0/0 11:54 0:00 1:51
Eric Staal 0 3 3 0 0 3 3 1 1 0 24/43 24:01 7:46 1:04
Erik Johnson 0 0 0 0 0 2 1 1 1 1 0/0 22:38 7:45 2:00
Filip Kuba 0 1 1 1 2 1 3 0 1 0 0/0 24:01 4:58 2:07
Jordin Tootoo 0 0 0 0 0 0 2 0 0 0 0/0 13:43 0:00 0:40
Marcel Goc 0 0 0 1 0 3 1 0 1 0 2/3 8:51 0:00 0:05
Mark Bell 0 1 1 0 2 2 2 0 0 0 1/2 17:42 4:57 0:05
Michal Handzus 0 0 0 0 0 2 3 0 2 0 4/12 15:32 0:00 2:21
Mike Leclerc 0 0 0 0 0 3 2 1 0 0 0/0 8:59 0:00 2:30
Milan Hejduk 1 0 1 1 0 2 1 0 0 0 0/1 13:34 4:57 0:00
Patrik Berglund 0 1 1 0 0 0 0 0 1 0 2/7 10:55 4:57 0:00
Ron Hainsey 1 0 1 0 0 2 1 0 0 0 0/0 15:18 4:58 0:00
Steve Eminger 0 0 0 1 5 0 0 1 0 0 0/0 22:12 0:00 2:16
Steve Regier 1 0 1 1 0 2 1 0 0 0 0/0 8:37 0:00 0:00
Tomas Kaberle 0 0 0 0 0 2 0 2 1 0 0/0 23:55 7:45 0:00
3 Stars
1 - Alexander Semin (Cal)
2 - Pekka Rinne (Cal)
3 - Eric Staal (Cal)
Power Play
Nordiques - 1 on 4 Attempt(s) - 25,00%
Flames - 4 on 10 Attempt(s) - 40,00%
Penalty Kill
Nordiques - 6 on 10 Attempt(s) - 60,00%
- Score 0 goal in Penalty Kill
Flames - 3 on 4 Attempt(s) - 75,00%
- Score 0 goal in Penalty Kill
Team Stat
Nordiques - Hits : 14 - Faceoff Wins : 40 - Blocked Shots : 6 - Penalty Minutes : 25
Flames - Hits : 26 - Faceoff Wins : 34 - Blocked Shots : 9 - Penalty Minutes : 13
Official
Referees : Meier Brad and Rehman Kyle
Linesman : Dan Schachte and Tim Nowak
Game Notes
Steve Eminger beats up Kurtis Foster at 18:25 of 3rd period
Finance
Level 1 -- Attendance: 4941 (82,35%) -- Ticket Income 444 690 $
Level 2 -- Attendance: 3164 (63,28%) -- Ticket Income 205 660 $
Level 3 -- Attendance: 1350 (67,50%) -- Ticket Income 54 000 $
Level 4 -- Attendance: 2118 (52,95%) -- Ticket Income 63 540 $
Luxury Box -- Attendance: 585 (58,50%) -- Ticket Income 128 700 $
Game was played at the Metal Center'
Total Attendance: 12158 (67,54%)
Total Ticket Income: 896 590 $
Other Income: 134 488 $
Total Income: 1 031 078 $
Nordiques
5 vs 5 Forward
Center Left Wing Right Wing Time % Phy DF OF
1 Pierre-Marc Bouchard Andrei Kostitsyn Peter Prucha 40 0 2 3
2 Tyler Arnason Patrik Elias Antti Miettinen 30 0 2 3
3 Rickard Wallin Mike York Mattias Weinhandl 20 1 2 2
4 Jeff Halpern Ryan Bayda Matt Ellison 10 1 2 2
5 vs 5 Defense
Defense Defense Time % Phy DF OF
1 Kurtis Foster Chris Pronger 40 0 2 3
2 Bryan McCabe Jordan Leopold 30 0 2 3
3 Ed Jovanovski Nick Schultz 20 1 2 2
4 Kurtis Foster Chris Pronger 10 1 2 2
PowerPlay Forward
Center Left Wing Right Wing Time % Phy DF OF
1 Pierre-Marc Bouchard Andrei Kostitsyn Peter Prucha 60 0 1 4
2 Tyler Arnason Patrik Elias Antti Miettinen 40 0 1 4
PowerPlay Defense
Defense Defense Time % Phy DF OF
1 Kurtis Foster Chris Pronger 60 0 2 3
2 Bryan McCabe Jordan Leopold 40 0 2 3
Penalty Kill 4 Players Forward
Center Wing Time % Phy DF OF
1 Pierre-Marc Bouchard Patrik Elias 60 1 3 1
2 Tyler Arnason Peter Prucha 40 1 3 1
Penalty Kill 4 Players Defense
Defense Defense Time % Phy DF OF
1 Kurtis Foster Chris Pronger 60 1 3 1
2 Bryan McCabe Jordan Leopold 40 1 3 1
Penalty Kill - 3 Players Forward
Forward Time % Phy DF OF
1 Pierre-Marc Bouchard 60 1 3 1
2 Antti Miettinen 40 1 3 1
Penalty Kill - 3 Players Defense
Defense Defense Time % Phy DF OF
1 Kurtis Foster Chris Pronger 60 1 3 1
2 Bryan McCabe Jordan Leopold 40 1 3 1
4 vs 4 Forward
Center Wing Time % Phy DF OF
1 Pierre-Marc Bouchard Andrei Kostitsyn 60 0 2 3
2 Tyler Arnason Patrik Elias 40 0 2 3
4 vs 4 Defense
Defense Defense Time % Phy DF OF
1 Kurtis Foster Chris Pronger 60 1 2 2
2 Bryan McCabe Jordan Leopold 40 1 2 2
Last Minutes Offensive
Center Left Wing Right Wing Defense Defense
Pierre-Marc Bouchard Andrei Kostitsyn Peter Prucha Kurtis Foster Chris Pronger
Last Minutes Defensive
Center Left Wing Right Wing Defense Defense
Pierre-Marc Bouchard Andrei Kostitsyn Peter Prucha Kurtis Foster Chris Pronger
Goaltenders
Starting : Jean-Sébastien Giguère
Backup : Mike Smith
Extra Forwards
Normal : Patrik Elias, Pierre-Marc Bouchard, Andrei Kostitsyn - PP : Peter Prucha, Andrei Kostitsyn - PK : Pierre-Marc Bouchard
Extra Defensemen
Normal : Jordan Leopold, Kurtis Foster, Bryan McCabe - PP : Ed Jovanovski - PK : Nick Schultz, Ed Jovanovski
Penalty Shots
Andrei Kostitsyn, Pierre-Marc Bouchard, Kurtis Foster, Peter Prucha, Patrik Elias
Flames
5 vs 5 Forward
Center Left Wing Right Wing Time % Phy DF OF
1 Eric Staal Alexander Semin David Backes 40 1 2 2
2 Michal Handzus Mark Bell Jordin Tootoo 30 1 2 2
3 Marcel Goc Steve Regier Milan Hejduk 20 1 2 2
4 Patrik Berglund Mike Leclerc Craig Adams 10 1 2 2
5 vs 5 Defense
Defense Defense Time % Phy DF OF
1 Tomas Kaberle Steve Eminger 40 1 2 2
2 Filip Kuba Erik Johnson 30 1 2 2
3 Derek Meech Ron Hainsey 20 1 2 2
4 Filip Kuba Steve Eminger 10 1 2 2
PowerPlay Forward
Center Left Wing Right Wing Time % Phy DF OF
1 Eric Staal Alexander Semin David Backes 60 1 2 2
2 Patrik Berglund Mark Bell Milan Hejduk 40 1 2 2
PowerPlay Defense
Defense Defense Time % Phy DF OF
1 Tomas Kaberle Erik Johnson 60 1 2 2
2 Filip Kuba Ron Hainsey 40 1 2 2
Penalty Kill 4 Players Forward
Center Wing Time % Phy DF OF
1 Michal Handzus Mike Leclerc 60 1 3 1
2 Eric Staal Jordin Tootoo 40 1 3 1
Penalty Kill 4 Players Defense
Defense Defense Time % Phy DF OF
1 Filip Kuba Steve Eminger 60 1 3 1
2 Derek Meech Erik Johnson 40 1 3 1
Penalty Kill - 3 Players Forward
Forward Time % Phy DF OF
1 Mike Leclerc 60 1 4 0
2 Craig Adams 40 1 4 0
Penalty Kill - 3 Players Defense
Defense Defense Time % Phy DF OF
1 Filip Kuba Steve Eminger 60 1 4 0
2 Derek Meech Erik Johnson 40 1 4 0
4 vs 4 Forward
Center Wing Time % Phy DF OF
1 Eric Staal Alexander Semin 60 1 2 2
2 Michal Handzus David Backes 40 1 2 2
4 vs 4 Defense
Defense Defense Time % Phy DF OF
1 Filip Kuba Steve Eminger 60 1 2 2
2 Tomas Kaberle Erik Johnson 40 1 2 2
Last Minutes Offensive
Center Left Wing Right Wing Defense Defense
Eric Staal Alexander Semin David Backes Tomas Kaberle Steve Eminger
Last Minutes Defensive
Center Left Wing Right Wing Defense Defense
Eric Staal Alexander Semin David Backes Filip Kuba Steve Eminger
Goaltenders
Starting : Pekka Rinne
Backup : Craig Anderson
Extra Forwards
Normal : Alexander Semin, Jordin Tootoo, Michal Handzus - PP : Mark Bell, Milan Hejduk - PK : David Backes
Extra Defensemen
Normal : Erik Johnson, Tomas Kaberle, Derek Meech - PP : Tomas Kaberle - PK : Erik Johnson, Filip Kuba
Penalty Shots
Alexander Semin, Eric Staal, David Backes, Milan Hejduk, Mark Bell
% Time on Ice - Nordiques
Lines # - Real PCT - Wanted PCT - Time Play
Normal Forward
1 - 33% - 40% - 13:47
2 - 29% - 30% - 11:58
3 - 22% - 20% - 9:13
4 - 15% - 10% - 6:13
Normal Defense
1 - 42% - 40% - 17:27
2 - 30% - 30% - 12:13
3 - 24% - 20% - 10:05
4 - 3% - 10% - 1:26
PP Forward
1 - 51% - 60% - 2:05
2 - 49% - 40% - 2:02
PP Defense
1 - 52% - 60% - 2:09
2 - 48% - 40% - 1:58
PK Forward
1 - 72% - 60% - 9:08
2 - 28% - 40% - 3:35
PK Defense
1 - 65% - 60% - 8:17
2 - 35% - 40% - 4:26
PK3 Forward
1 - 0% - 60%
2 - 0% - 40%
PK3 Defense
1 - 0% - 60%
2 - 0% - 40%
44 Forward
1 - 84% - 60% - 1:40
2 - 16% - 40% - 0:19
44 Defense
1 - 100% - 60% - 1:59
2 - 0% - 40% - 0:00
Last Minute Offensive - 0:00
Last Minute Defensive - 0:00
Total
Forward - 60:00
Defense - 60:00
|
% Time on Ice - Flames
Lines # - Real PCT - Wanted PCT - Time Play
Normal Forward
1 - 35% - 40% - 14:20
2 - 30% - 30% - 12:16
3 - 21% - 20% - 8:37
4 - 14% - 10% - 5:58
Normal Defense
1 - 40% - 40% - 16:37
2 - 29% - 30% - 12:04
3 - 23% - 20% - 9:39
4 - 7% - 10% - 2:51
PP Forward
1 - 61% - 60% - 7:46
2 - 39% - 40% - 4:57
PP Defense
1 - 61% - 60% - 7:45
2 - 39% - 40% - 4:58
PK Forward
1 - 84% - 60% - 3:27
2 - 16% - 40% - 0:40
PK Defense
1 - 55% - 60% - 2:16
2 - 45% - 40% - 1:51
PK3 Forward
1 - 0% - 60%
2 - 0% - 40%
PK3 Defense
1 - 0% - 60%
2 - 0% - 40%
44 Forward
1 - 100% - 60% - 1:59
2 - 0% - 40% - 0:00
44 Defense
1 - 72% - 60% - 1:26
2 - 28% - 40% - 0:33
Last Minute Offensive - 0:00
Last Minute Defensive - 0:00
Total
Forward - 60:00
Defense - 60:00
|
Play by Play
1st period
0:01 of 1st period - Pierre-Marc Bouchard wins face-off versus Eric Staal in neutral zone.
0:26 of 1st period - Kurtis Foster is hit by Mark Bell and loses puck.
1:52 of 1st period - Wrist shot by Patrik Elias.
1:52 of 1st period - Stopped by Pekka Rinne without a rebound.
1:53 of 1st period - Tyler Arnason wins face-off versus Michal Handzus in Flames zone.
2:04 of 1st period - Snap shot by Tyler Arnason.
2:04 of 1st period - Stopped by Pekka Rinne without a rebound.
2:05 of 1st period - Rickard Wallin wins face-off versus Patrik Berglund in Flames zone.
2:14 of 1st period - Snap shot by Mike York.
2:14 of 1st period - Shot Misses the Net.
2:19 of 1st period - Off-side.
2:20 of 1st period - Eric Staal wins face-off versus Pierre-Marc Bouchard in neutral zone.
2:45 of 1st period - Steve Eminger is hit by Patrik Elias and loses puck.
2:54 of 1st period - Chris Pronger is hit by Ron Hainsey and loses puck.
4:08 of 1st period - Andrei Kostitsyn is hit by Filip Kuba and loses puck.
4:29 of 1st period - Wrist shot by Tyler Arnason.
4:29 of 1st period - Shot Blocked by Mike Leclerc.
4:53 of 1st period - Snap shot by Milan Hejduk.
4:53 of 1st period - Stopped by Jean-Sébastien Giguère with a rebound.
5:23 of 1st period - Minor Penalty to Peter Prucha for Hooking.
5:24 of 1st period - Eric Staal wins face-off versus Pierre-Marc Bouchard in Nordiques zone.
5:56 of 1st period - Off-side.
5:57 of 1st period - Patrik Berglund wins face-off versus Tyler Arnason in neutral zone.
6:02 of 1st period - Slapshot by Mark Bell.
6:02 of 1st period - Deflect By Kurtis Foster.
6:02 of 1st period - Shot Misses the Net.
6:02 of 1st period - Puck is out of play.
6:03 of 1st period - Pierre-Marc Bouchard wins face-off versus Eric Staal in Nordiques zone.
6:13 of 1st period - Off-side.
6:14 of 1st period - Pierre-Marc Bouchard wins face-off versus Eric Staal in neutral zone.
6:23 of 1st period - Wrist shot by Eric Staal.
6:23 of 1st period - Deflect By Alexander Semin.
6:23 of 1st period - Shot Blocked by Chris Pronger.
6:23 of 1st period - Puck is out of play.
6:24 of 1st period - Eric Staal wins face-off versus Pierre-Marc Bouchard in Nordiques zone.
6:33 of 1st period - Wrist shot by Alexander Semin.
6:33 of 1st period - Stopped by Jean-Sébastien Giguère with a rebound.
6:35 of 1st period - Wrist shot by David Backes.
6:35 of 1st period - Shot Misses the Net.
6:37 of 1st period - Wrist shot by Eric Staal.
6:37 of 1st period - Stopped by Jean-Sébastien Giguère with a rebound.
6:55 of 1st period - Snap shot by Eric Staal.
6:55 of 1st period - Shot Blocked by Pierre-Marc Bouchard.
6:57 of 1st period - Slapshot by Erik Johnson.
6:57 of 1st period - Stopped by Jean-Sébastien Giguère without a rebound.
6:58 of 1st period - Tyler Arnason wins face-off versus Patrik Berglund in Nordiques zone.
7:07 of 1st period - Wrist shot by Milan Hejduk.
7:07 of 1st period - Shot Misses the Net.
7:23 of 1st period - Penalty to Peter Prucha is over, Peter Prucha is back on ice.
8:10 of 1st period - Pierre-Marc Bouchard is hit by Mike Leclerc and loses puck.
8:31 of 1st period - Pierre-Marc Bouchard is hit by Erik Johnson and loses puck.
8:59 of 1st period - Jordan Leopold is hit by Milan Hejduk and loses puck.
9:22 of 1st period - Slapshot by Tomas Kaberle.
9:22 of 1st period - Shot Misses the Net.
9:24 of 1st period - Slapshot by Steve Eminger.
9:24 of 1st period - Deflect By Mike Leclerc.
9:24 of 1st period - Stopped by Jean-Sébastien Giguère without a rebound.
9:25 of 1st period - Tyler Arnason wins face-off versus Alexander Semin in Nordiques zone.
9:25 of 1st period - Tyler Arnason is hit by Eric Staal.
9:28 of 1st period - Minor Penalty to Bryan McCabe for Interference.
9:29 of 1st period - Eric Staal wins face-off versus Pierre-Marc Bouchard in Nordiques zone.
9:39 of 1st period - Snap shot by Eric Staal.
9:39 of 1st period - Shot Misses the Net.
9:41 of 1st period - Slapshot by David Backes.
9:41 of 1st period - Shot Misses the Net.
9:43 of 1st period - Slapshot by Alexander Semin.
9:43 of 1st period - Goal by Alexander Semin - Nordiques : 0 - Flames : 1.
9:44 of 1st period - Pierre-Marc Bouchard wins face-off versus Eric Staal in neutral zone.
10:53 of 1st period - Wrist shot by Peter Prucha.
10:53 of 1st period - Shot Misses the Net.
11:21 of 1st period - Slapshot by Steve Eminger.
11:21 of 1st period - Deflect By Mike Leclerc.
11:21 of 1st period - Stopped by Jean-Sébastien Giguère without a rebound.
11:22 of 1st period - Pierre-Marc Bouchard wins face-off versus Michal Handzus in Nordiques zone.
11:22 of 1st period - Pierre-Marc Bouchard is hit by Mark Bell.
11:25 of 1st period - Icing by Andrei Kostitsyn.
11:26 of 1st period - Pierre-Marc Bouchard wins face-off versus Michal Handzus in Nordiques zone.
11:37 of 1st period - Snap shot by Peter Prucha.
11:37 of 1st period - Shot Misses the Net.
11:39 of 1st period - Slapshot by Chris Pronger.
11:39 of 1st period - Stopped by Pekka Rinne without a rebound.
11:40 of 1st period - Eric Staal wins face-off versus Antti Miettinen in Flames zone.
12:11 of 1st period - Wrist shot by Michal Handzus.
12:11 of 1st period - Shot Misses the Net.
13:01 of 1st period - Minor Penalty to Tyler Arnason for Tripping.
13:02 of 1st period - Eric Staal wins face-off versus Pierre-Marc Bouchard in Nordiques zone.
13:03 of 1st period - Snap shot by Alexander Semin.
13:03 of 1st period - Shot Misses the Net.
13:05 of 1st period - Snap shot by David Backes.
13:05 of 1st period - Stopped by Jean-Sébastien Giguère with a rebound.
13:07 of 1st period - Wrist shot by Alexander Semin.
13:07 of 1st period - Goal by Alexander Semin - Nordiques : 0 - Flames : 2.
13:08 of 1st period - Pierre-Marc Bouchard wins face-off versus Eric Staal in neutral zone.
13:11 of 1st period - Wrist shot by Andrei Kostitsyn.
13:11 of 1st period - Stopped by Pekka Rinne without a rebound.
13:12 of 1st period - Eric Staal wins face-off versus Peter Prucha in Flames zone.
13:17 of 1st period - Peter Prucha is hit by Eric Staal and loses puck.
13:21 of 1st period - Icing by Kurtis Foster.
13:22 of 1st period - Pierre-Marc Bouchard wins face-off versus Eric Staal in Nordiques zone.
13:22 of 1st period - Pierre-Marc Bouchard is hit by David Backes.
13:32 of 1st period - David Backes is hit by Kurtis Foster and loses puck.
13:39 of 1st period - Slapshot by Andrei Kostitsyn.
13:39 of 1st period - Stopped by Pekka Rinne without a rebound.
13:40 of 1st period - Tyler Arnason wins face-off versus Michal Handzus in Flames zone.
14:04 of 1st period - Icing by Ron Hainsey.
14:05 of 1st period - Pierre-Marc Bouchard wins face-off versus Michal Handzus in Flames zone.
14:14 of 1st period - Kurtis Foster is hit by Derek Meech and loses puck.
14:23 of 1st period - Slapshot by Michal Handzus.
14:23 of 1st period - Stopped by Jean-Sébastien Giguère with a rebound.
14:25 of 1st period - Slapshot by Ron Hainsey.
14:25 of 1st period - Stopped by Jean-Sébastien Giguère without a rebound.
14:26 of 1st period - Eric Staal wins face-off versus Patrik Elias in Nordiques zone.
14:35 of 1st period - Wrist shot by David Backes.
14:35 of 1st period - Shot Misses the Net.
14:51 of 1st period - Erik Johnson is hit by Pierre-Marc Bouchard and loses puck.
15:10 of 1st period - Tomas Kaberle is hit by Rickard Wallin and loses puck.
15:40 of 1st period - Slapshot by Kurtis Foster.
15:40 of 1st period - Shot Blocked by Tomas Kaberle.
15:58 of 1st period - Icing by David Backes.
15:59 of 1st period - Tyler Arnason wins face-off versus David Backes in Flames zone.
16:31 of 1st period - Derek Meech is hit by Patrik Elias and loses puck.
16:38 of 1st period - Snap shot by Patrik Elias.
16:38 of 1st period - Shot Misses the Net.
16:59 of 1st period - Snap shot by Antti Miettinen.
16:59 of 1st period - Shot Blocked by Eric Staal.
17:01 of 1st period - Wrist shot by Antti Miettinen.
17:01 of 1st period - Shot Misses the Net.
17:03 of 1st period - Snap shot by Tyler Arnason.
17:03 of 1st period - Deflect By Patrik Elias.
17:03 of 1st period - Shot Misses the Net.
17:03 of 1st period - Puck is out of play.
17:04 of 1st period - Michal Handzus wins face-off versus Pierre-Marc Bouchard in Flames zone.
19:21 of 1st period - Off-side.
19:22 of 1st period - Rickard Wallin wins face-off versus Eric Staal in neutral zone.
19:45 of 1st period - Snap shot by Andrei Kostitsyn.
19:45 of 1st period - Shot Misses the Net.
19:47 of 1st period - Wrist shot by Peter Prucha.
19:47 of 1st period - Shot Misses the Net.
19:49 of 1st period - Slapshot by Kurtis Foster.
19:49 of 1st period - Deflect By Andrei Kostitsyn.
19:49 of 1st period - Shot Misses the Net.
19:49 of 1st period - Puck is out of play.
19:50 of 1st period - Eric Staal wins face-off versus Pierre-Marc Bouchard in Flames zone.
Goals for this period are 0 for Nordiques vs 2 for Flames.
Shots for this period are 5 for Nordiques vs 11 for Flames.
2nd period
0:01 of 2nd period - Pierre-Marc Bouchard wins face-off versus Eric Staal in neutral zone.
0:10 of 2nd period - Peter Prucha is hit by David Backes.
0:36 of 2nd period - Minor Penalty to Chris Pronger for Hooking.
0:37 of 2nd period - Pierre-Marc Bouchard wins face-off versus Eric Staal in Nordiques zone.
1:44 of 2nd period - Tomas Kaberle is hit by Peter Prucha and loses puck.
2:36 of 2nd period - Penalty to Chris Pronger is over, Chris Pronger is back on ice.
3:06 of 2nd period - Snap shot by Mattias Weinhandl.
3:06 of 2nd period - Stopped by Pekka Rinne without a rebound.
3:07 of 2nd period - Rickard Wallin wins face-off versus Marcel Goc in Flames zone.
3:12 of 2nd period - Wrist shot by Mattias Weinhandl.
3:12 of 2nd period - Shot Blocked by Tomas Kaberle.
3:40 of 2nd period - Wrist shot by Alexander Semin.
3:40 of 2nd period - Shot Misses the Net.
4:18 of 2nd period - Icing by Derek Meech.
4:19 of 2nd period - Patrik Elias wins face-off versus Michal Handzus in Flames zone.
4:31 of 2nd period - Off-side.
4:32 of 2nd period - Eric Staal wins face-off versus Pierre-Marc Bouchard in neutral zone.
4:37 of 2nd period - Wrist shot by Alexander Semin.
4:37 of 2nd period - Stopped by Jean-Sébastien Giguère with a rebound.
5:33 of 2nd period - Snap shot by Kurtis Foster.
5:33 of 2nd period - Stopped by Pekka Rinne with a rebound.
6:09 of 2nd period - Slapshot by Andrei Kostitsyn.
6:09 of 2nd period - Shot Misses the Net.
6:27 of 2nd period - Filip Kuba is hit by Patrik Elias and loses puck.
7:13 of 2nd period - Snap shot by David Backes.
7:13 of 2nd period - Shot Misses the Net.
7:15 of 2nd period - Slapshot by Derek Meech.
7:15 of 2nd period - Stopped by Jean-Sébastien Giguère without a rebound.
7:16 of 2nd period - Pierre-Marc Bouchard wins face-off versus Michal Handzus in Nordiques zone.
7:38 of 2nd period - Icing by Jordin Tootoo.
7:39 of 2nd period - Eric Staal wins face-off versus Tyler Arnason in Flames zone.
7:50 of 2nd period - Snap shot by Patrik Elias.
7:50 of 2nd period - Shot Misses the Net.
7:52 of 2nd period - Snap shot by Antti Miettinen.
7:52 of 2nd period - Shot Blocked by Alexander Semin.
8:04 of 2nd period - Mark Bell is hit by Chris Pronger.
8:24 of 2nd period - Rickard Wallin is hit by Steve Regier and loses puck.
8:53 of 2nd period - Wrist shot by Ryan Bayda.
8:53 of 2nd period - Stopped by Pekka Rinne with a rebound.
8:55 of 2nd period - Wrist shot by Ryan Bayda.
8:55 of 2nd period - Shot Misses the Net.
9:29 of 2nd period - Slapshot by Andrei Kostitsyn.
9:29 of 2nd period - Stopped by Pekka Rinne with a rebound.
9:31 of 2nd period - Wrist shot by Pierre-Marc Bouchard.
9:31 of 2nd period - Stopped by Pekka Rinne with a rebound.
9:33 of 2nd period - Slapshot by Peter Prucha.
9:33 of 2nd period - Shot Misses the Net.
9:35 of 2nd period - Wrist shot by Peter Prucha.
9:35 of 2nd period - Stopped by Pekka Rinne without a rebound.
9:36 of 2nd period - Eric Staal wins face-off versus Tyler Arnason in Flames zone.
9:49 of 2nd period - Slapshot by David Backes.
9:49 of 2nd period - Stopped by Jean-Sébastien Giguère without a rebound.
9:50 of 2nd period - Eric Staal wins face-off versus Pierre-Marc Bouchard in Nordiques zone.
9:53 of 2nd period - Wrist shot by David Backes.
9:53 of 2nd period - Stopped by Jean-Sébastien Giguère with a rebound.
9:55 of 2nd period - Minor Penalty to Peter Prucha for Interference.
9:56 of 2nd period - Pierre-Marc Bouchard wins face-off versus Alexander Semin in Nordiques zone.
11:33 of 2nd period - Mark Bell is hit by Pierre-Marc Bouchard and loses puck.
11:55 of 2nd period - Penalty to Peter Prucha is over, Peter Prucha is back on ice.
11:59 of 2nd period - Snap shot by David Backes.
11:59 of 2nd period - Shot Blocked by Andrei Kostitsyn.
12:01 of 2nd period - Wrist shot by Steve Regier.
12:01 of 2nd period - Goal by Steve Regier - Nordiques : 0 - Flames : 3.
12:02 of 2nd period - Rickard Wallin wins face-off versus Mark Bell in neutral zone.
12:05 of 2nd period - Slapshot by Mike York.
12:05 of 2nd period - Stopped by Pekka Rinne with a rebound.
12:21 of 2nd period - Mike York is hit by Michal Handzus and loses puck.
13:02 of 2nd period - Snap shot by Eric Staal.
13:02 of 2nd period - Stopped by Jean-Sébastien Giguère with a rebound.
13:18 of 2nd period - Wrist shot by Craig Adams.
13:18 of 2nd period - Deflect By Patrik Berglund.
13:18 of 2nd period - Shot Misses the Net.
13:18 of 2nd period - Puck is out of play.
13:19 of 2nd period - Pierre-Marc Bouchard wins face-off versus David Backes in Nordiques zone.
13:55 of 2nd period - Patrik Elias is hit by Jordin Tootoo and loses puck.
14:02 of 2nd period - Minor Penalty to Kurtis Foster for Elbowing.
14:03 of 2nd period - Pierre-Marc Bouchard wins face-off versus Eric Staal in Nordiques zone.
14:03 of 2nd period - Pierre-Marc Bouchard is hit by Eric Staal.
14:29 of 2nd period - Erik Johnson is hit by Bryan McCabe and loses puck.
14:52 of 2nd period - Minor Penalty to Alexander Semin for Hooking.
14:53 of 2nd period - Eric Staal wins face-off versus Pierre-Marc Bouchard in Flames zone.
15:02 of 2nd period - Wrist shot by Eric Staal.
15:02 of 2nd period - Shot Misses the Net.
15:04 of 2nd period - Snap shot by Jordin Tootoo.
15:04 of 2nd period - Shot Misses the Net.
15:08 of 2nd period - Slapshot by Filip Kuba.
15:08 of 2nd period - Stopped by Jean-Sébastien Giguère with a rebound.
15:18 of 2nd period - Jordan Leopold is hit by Michal Handzus and loses puck.
16:02 of 2nd period - Penalty to Kurtis Foster is over, Kurtis Foster is back on ice.
16:52 of 2nd period - Penalty to Alexander Semin is over, Alexander Semin is back on ice.
17:49 of 2nd period - Nick Schultz is hit by Mike Leclerc.
18:16 of 2nd period - Peter Prucha is hit by Marcel Goc and loses puck.
18:48 of 2nd period - Slapshot by Craig Adams.
18:48 of 2nd period - Stopped by Jean-Sébastien Giguère with a rebound.
18:50 of 2nd period - Slapshot by Ron Hainsey.
18:50 of 2nd period - Shot Misses the Net.
18:52 of 2nd period - Snap shot by Mike Leclerc.
18:52 of 2nd period - Stopped by Jean-Sébastien Giguère with a rebound.
18:54 of 2nd period - Wrist shot by Mike Leclerc.
18:54 of 2nd period - Shot Blocked by Ed Jovanovski.
19:00 of 2nd period - Minor Penalty to Ed Jovanovski for Roughing.
19:01 of 2nd period - Eric Staal wins face-off versus Pierre-Marc Bouchard in Nordiques zone.
19:02 of 2nd period - Snap shot by Alexander Semin.
19:02 of 2nd period - Shot Misses the Net.
19:04 of 2nd period - Slapshot by Tomas Kaberle.
19:04 of 2nd period - Stopped by Jean-Sébastien Giguère with a rebound.
19:16 of 2nd period - Snap shot by Eric Staal.
19:16 of 2nd period - Stopped by Jean-Sébastien Giguère with a rebound.
Goals for this period are 0 for Nordiques vs 1 for Flames.
Shots for this period are 7 for Nordiques vs 11 for Flames.
3rd period
0:01 of 3rd period - Pierre-Marc Bouchard wins face-off versus Eric Staal in neutral zone.
0:09 of 3rd period - Minor Penalty to David Backes for Holding.
0:10 of 3rd period - Pierre-Marc Bouchard wins face-off versus Eric Staal in Flames zone.
0:10 of 3rd period - Snap shot by Andrei Kostitsyn.
0:10 of 3rd period - Shot Misses the Net.
0:24 of 3rd period - Wrist shot by Andrei Kostitsyn.
0:24 of 3rd period - Stopped by Pekka Rinne with a rebound.
0:26 of 3rd period - Slapshot by Chris Pronger.
0:26 of 3rd period - Deflect By Pierre-Marc Bouchard.
0:26 of 3rd period - Shot Misses the Net.
0:26 of 3rd period - Puck is out of play.
0:27 of 3rd period - Eric Staal wins face-off versus Pierre-Marc Bouchard in Flames zone.
0:34 of 3rd period - Slapshot by Filip Kuba.
0:34 of 3rd period - Deflect By Alexander Semin.
0:34 of 3rd period - Shot Misses the Net.
0:34 of 3rd period - Puck is out of play.
0:35 of 3rd period - Pierre-Marc Bouchard wins face-off versus Eric Staal in Nordiques zone.
0:40 of 3rd period - Filip Kuba is hit by Pierre-Marc Bouchard and loses puck.
0:47 of 3rd period - Snap shot by Andrei Kostitsyn.
0:47 of 3rd period - Shot Blocked by Alexander Semin.
1:00 of 3rd period - Penalty to Ed Jovanovski is over, Ed Jovanovski is back on ice.
1:03 of 3rd period - Slapshot by Andrei Kostitsyn.
1:03 of 3rd period - Shot Misses the Net.
1:05 of 3rd period - Snap shot by Andrei Kostitsyn.
1:05 of 3rd period - Stopped by Pekka Rinne without a rebound.
1:06 of 3rd period - Michal Handzus wins face-off versus Tyler Arnason in Flames zone.
2:09 of 3rd period - Penalty to David Backes is over, David Backes is back on ice.
2:45 of 3rd period - Slapshot by Marcel Goc.
2:45 of 3rd period - Stopped by Jean-Sébastien Giguère with a rebound.
3:15 of 3rd period - Mark Bell is hit by Peter Prucha and loses puck.
3:40 of 3rd period - Chris Pronger is hit by Jordin Tootoo and loses puck.
3:53 of 3rd period - Rickard Wallin is hit by Alexander Semin and loses puck.
4:39 of 3rd period - Snap shot by Matt Ellison.
4:39 of 3rd period - Stopped by Pekka Rinne with a rebound.
4:41 of 3rd period - Snap shot by Ryan Bayda.
4:41 of 3rd period - Shot Misses the Net.
5:01 of 3rd period - Wrist shot by Marcel Goc.
5:01 of 3rd period - Stopped by Jean-Sébastien Giguère without a rebound.
5:02 of 3rd period - Tyler Arnason wins face-off versus Milan Hejduk in Nordiques zone.
5:09 of 3rd period - Snap shot by Kurtis Foster.
5:09 of 3rd period - Stopped by Pekka Rinne without a rebound.
5:10 of 3rd period - Pierre-Marc Bouchard wins face-off versus Eric Staal in Flames zone.
5:17 of 3rd period - Wrist shot by Peter Prucha.
5:17 of 3rd period - Shot Blocked by David Backes.
5:23 of 3rd period - Peter Prucha is hit by David Backes.
5:56 of 3rd period - Minor Penalty to Filip Kuba for Boarding.
5:57 of 3rd period - Pierre-Marc Bouchard wins face-off versus Michal Handzus in Flames zone.
6:05 of 3rd period - Slapshot by Peter Prucha.
6:05 of 3rd period - Goal by Peter Prucha - Nordiques : 1 - Flames : 3.
6:06 of 3rd period - Pierre-Marc Bouchard wins face-off versus David Backes in neutral zone.
6:13 of 3rd period - Slapshot by Pierre-Marc Bouchard.
6:13 of 3rd period - Stopped by Pekka Rinne with a rebound.
6:15 of 3rd period - Snap shot by Kurtis Foster.
6:15 of 3rd period - Stopped by Pekka Rinne with a rebound.
6:17 of 3rd period - Snap shot by Pierre-Marc Bouchard.
6:17 of 3rd period - Deflect By Peter Prucha.
6:17 of 3rd period - Stopped by Pekka Rinne with a rebound.
6:19 of 3rd period - Wrist shot by Peter Prucha.
6:19 of 3rd period - Stopped by Pekka Rinne with a rebound.
6:21 of 3rd period - Slapshot by Kurtis Foster.
6:21 of 3rd period - Stopped by Pekka Rinne with a rebound.
6:35 of 3rd period - Off-side.
6:36 of 3rd period - Michal Handzus wins face-off versus Andrei Kostitsyn in neutral zone.
6:39 of 3rd period - Pierre-Marc Bouchard is hit by Michal Handzus and loses puck.
6:50 of 3rd period - Snap shot by Mark Bell.
6:50 of 3rd period - Shot Misses the Net.
6:52 of 3rd period - Backhand shot by Erik Johnson.
6:52 of 3rd period - Stopped by Jean-Sébastien Giguère without a rebound.
6:53 of 3rd period - Eric Staal wins face-off versus Tyler Arnason in Nordiques zone.
7:51 of 3rd period - Wrist shot by Marcel Goc.
7:51 of 3rd period - Stopped by Jean-Sébastien Giguère without a rebound.
7:52 of 3rd period - Eric Staal wins face-off versus Pierre-Marc Bouchard in Nordiques zone.
8:17 of 3rd period - Chris Pronger is hit by Filip Kuba and loses puck.
8:28 of 3rd period - Slapshot by Antti Miettinen.
8:28 of 3rd period - Shot Blocked by Steve Eminger.
8:34 of 3rd period - Minor Penalty to Mark Bell for Hooking.
8:35 of 3rd period - Michal Handzus wins face-off versus Pierre-Marc Bouchard in Flames zone.
9:49 of 3rd period - Jordan Leopold is hit by Filip Kuba and loses puck.
10:34 of 3rd period - Penalty to Mark Bell is over, Mark Bell is back on ice.
10:54 of 3rd period - Wrist shot by Michal Handzus.
10:54 of 3rd period - Stopped by Jean-Sébastien Giguère with a rebound.
10:56 of 3rd period - Snap shot by Michal Handzus.
10:56 of 3rd period - Deflect By Mark Bell.
10:56 of 3rd period - Shot Hit the Post.
10:56 of 3rd period - Puck is out of play.
10:57 of 3rd period - Marcel Goc wins face-off versus Jeff Halpern in Nordiques zone.
11:00 of 3rd period - Slapshot by Steve Regier.
11:00 of 3rd period - Stopped by Jean-Sébastien Giguère without a rebound.
11:01 of 3rd period - Marcel Goc wins face-off versus Jeff Halpern in Nordiques zone.
11:13 of 3rd period - Minor Penalty to Nick Schultz for Interference.
11:14 of 3rd period - Pierre-Marc Bouchard wins face-off versus Eric Staal in Nordiques zone.
11:14 of 3rd period - Pierre-Marc Bouchard is hit by Alexander Semin.
11:23 of 3rd period - Tomas Kaberle is hit by Pierre-Marc Bouchard and loses puck.
11:28 of 3rd period - Slapshot by Patrik Elias.
11:28 of 3rd period - Stopped by Pekka Rinne without a rebound.
11:29 of 3rd period - Eric Staal wins face-off versus Pierre-Marc Bouchard in Flames zone.
11:36 of 3rd period - Wrist shot by Patrik Elias.
11:36 of 3rd period - Shot Misses the Net.
11:38 of 3rd period - Snap shot by Pierre-Marc Bouchard.
11:38 of 3rd period - Stopped by Pekka Rinne with a rebound.
11:40 of 3rd period - Snap shot by Pierre-Marc Bouchard.
11:40 of 3rd period - Stopped by Pekka Rinne with a rebound.
11:42 of 3rd period - Wrist shot by Patrik Elias.
11:42 of 3rd period - Shot Misses the Net.
11:44 of 3rd period - Snap shot by Chris Pronger.
11:44 of 3rd period - Deflect By Erik Johnson.
11:44 of 3rd period - Stopped by Pekka Rinne without a rebound.
11:45 of 3rd period - Patrik Elias wins face-off versus Patrik Berglund in Flames zone.
11:46 of 3rd period - Wrist shot by Pierre-Marc Bouchard.
11:46 of 3rd period - Stopped by Pekka Rinne with a rebound.
11:54 of 3rd period - Slapshot by Tomas Kaberle.
11:54 of 3rd period - Shot Misses the Net.
12:53 of 3rd period - Wrist shot by Filip Kuba.
12:53 of 3rd period - Shot Misses the Net.
12:55 of 3rd period - Slapshot by Ron Hainsey.
12:55 of 3rd period - Goal by Ron Hainsey - Nordiques : 1 - Flames : 4.
12:56 of 3rd period - Mark Bell wins face-off versus Pierre-Marc Bouchard in neutral zone.
13:07 of 3rd period - Snap shot by Jordin Tootoo.
13:07 of 3rd period - Shot Misses the Net.
13:09 of 3rd period - Wrist shot by Mark Bell.
13:09 of 3rd period - Stopped by Jean-Sébastien Giguère without a rebound.
13:10 of 3rd period - Tyler Arnason wins face-off versus Eric Staal in Nordiques zone.
13:22 of 3rd period - Off-side.
13:23 of 3rd period - Pierre-Marc Bouchard wins face-off versus Eric Staal in neutral zone.
13:27 of 3rd period - Off-side.
13:28 of 3rd period - Eric Staal wins face-off versus Pierre-Marc Bouchard in neutral zone.
14:35 of 3rd period - Slapshot by Chris Pronger.
14:35 of 3rd period - Shot Blocked by Erik Johnson.
14:37 of 3rd period - Wrist shot by Kurtis Foster.
14:37 of 3rd period - Stopped by Pekka Rinne without a rebound.
14:38 of 3rd period - Jeff Halpern wins face-off versus Patrik Berglund in Flames zone.
14:45 of 3rd period - Wrist shot by Ryan Bayda.
14:45 of 3rd period - Stopped by Pekka Rinne without a rebound.
14:46 of 3rd period - Eric Staal wins face-off versus Pierre-Marc Bouchard in Flames zone.
15:01 of 3rd period - Slapshot by Jordan Leopold.
15:01 of 3rd period - Stopped by Pekka Rinne with a rebound.
15:53 of 3rd period - Slapshot by Eric Staal.
15:53 of 3rd period - Shot Misses the Net.
15:55 of 3rd period - Snap shot by Erik Johnson.
15:55 of 3rd period - Shot Blocked by Jordan Leopold.
16:22 of 3rd period - Wrist shot by Peter Prucha.
16:22 of 3rd period - Shot Misses the Net.
16:24 of 3rd period - Wrist shot by Jordan Leopold.
16:24 of 3rd period - Shot Misses the Net.
16:43 of 3rd period - Minor Penalty to Patrik Elias for High sticking.
16:44 of 3rd period - Eric Staal wins face-off versus Pierre-Marc Bouchard in Nordiques zone.
17:00 of 3rd period - Slapshot by Eric Staal.
17:00 of 3rd period - Shot Misses the Net.
17:48 of 3rd period - Icing by Eric Staal.
17:49 of 3rd period - Eric Staal wins face-off versus Pierre-Marc Bouchard in Flames zone.
18:02 of 3rd period - Snap shot by Mark Bell.
18:02 of 3rd period - Deflect By Patrik Berglund.
18:02 of 3rd period - Shot Blocked by Pierre-Marc Bouchard.
18:02 of 3rd period - Puck is out of play.
18:03 of 3rd period - Patrik Berglund wins face-off versus Pierre-Marc Bouchard in Nordiques zone.
18:08 of 3rd period - Wrist shot by Milan Hejduk.
18:08 of 3rd period - Deflect By Bryan McCabe.
18:08 of 3rd period - Goal by Milan Hejduk - Nordiques : 1 - Flames : 5.
18:09 of 3rd period - Pierre-Marc Bouchard wins face-off versus Eric Staal in neutral zone.
18:14 of 3rd period - Slapshot by Kurtis Foster.
18:14 of 3rd period - Stopped by Pekka Rinne without a rebound.
18:15 of 3rd period - David Backes wins face-off versus Pierre-Marc Bouchard in Flames zone.
18:25 of 3rd period - Steve Eminger beats up Kurtis Foster.
18:25 of 3rd period - Penalty to Steve Eminger for Fighting.
18:25 of 3rd period - Penalty to Kurtis Foster for Fighting.
18:26 of 3rd period - Pierre-Marc Bouchard wins face-off versus Eric Staal in Nordiques zone.
18:40 of 3rd period - Minor Penalty to Chris Pronger for Goalie Interference.
18:41 of 3rd period - Eric Staal wins face-off versus Pierre-Marc Bouchard in Nordiques zone.
19:15 of 3rd period - Wrist shot by Mark Bell.
19:15 of 3rd period - Stopped by Jean-Sébastien Giguère with a rebound.
19:17 of 3rd period - Slapshot by Tomas Kaberle.
19:17 of 3rd period - Stopped by Jean-Sébastien Giguère without a rebound.
19:18 of 3rd period - Pierre-Marc Bouchard wins face-off versus Patrik Berglund in Nordiques zone.
19:33 of 3rd period - Snap shot by Mark Bell.
19:33 of 3rd period - Shot Misses the Net.
19:43 of 3rd period - Eric Staal is hit by Nick Schultz and loses puck.
19:48 of 3rd period - Wrist shot by Tyler Arnason.
19:48 of 3rd period - Stopped by Pekka Rinne with a rebound.
Goals for this period are 1 for Nordiques vs 2 for Flames.
Shots for this period are 20 for Nordiques vs 11 for Flames.
Output by the SimonT Hockey Simulator (STHS) for François Prévost -- Original Page W3C XHTML 1.0 Valid